 Dungeon Crawl Stone Soup version 0.30.1-1-g62c8e00024 (webtiles) character file.

Game seed: 2220050405152324260

109 Peloso the Shield-Bearer (level 4, -1/40 HPs)
             Began as a Minotaur Fighter on July 15, 2023.
             Killed from afar by Sigmund (12 damage)
             ... with a puff of flame
             ... on level 3 of the Dungeon.
             The game lasted 00:05:29 (2228 turns).

Peloso the Shield-Bearer (Minotaur Fighter)         Turns: 2228, Time: 00:05:30

Health: -1/40      AC:  7    Str: 21    XL:     4   Next: 60%
Magic:  3/3        EV:  9    Int:  5    God:
Gold:   137        SH:  5    Dex: 11    Spells: 3/3 levels left

rFire   . . .        a - +0 long sword
rCold   . . .        c - +0 buckler
rNeg    . . .        b - +0 scale mail
rPois   .            (helmet restricted)
rElec   .            (no cloak)
rCorr   .            (no gloves)
SInv    .            (no boots)
Will    +....        (no amulet) Stlth
                     h - ring of willpower
HPRegen 0.26/turn    (no ring)
MPRegen 0.08/turn

%: no passive effects
@: no status effects
A: horns 2, retaliatory headbutt
a: no special abilities


You were on level 3 of the Dungeon.
You visited 1 branch of the dungeon, and saw 3 of its levels.

You collected 137 gold pieces.

Inventory:

Hand Weapons
 a - a +0 long sword (weapon)
Armour
 b - a +0 scale mail (worn)
 c - a +0 buckler (worn)
Jewellery
 h - a ring of willpower (left hand)
 m - an amulet of magic regeneration
Wands
 f - a wand of flame (18)
Scrolls
 e - a scroll of noise
 j - a scroll of identify
 n - a scroll of summoning {unknown}
Potions
 d - a potion of might
 g - a potion of curing
 i - a potion of haste
 l - a potion of heal wounds {unknown}


   Skills:
 + Level 4.2 Fighting
 + Level 3.7 Long Blades
 + Level 4.5 Armour
 + Level 0.2 Dodging
 + Level 4.5 Shields


You had 3 spell levels left.
You didn't know any spells.
Your spell library was empty.

Dungeon Overview and Level Annotations

Branches:
Dungeon (3/15)

Altars:

Annotations:
D:3 Sigmund


Innate Abilities, Weirdness & Mutations

You have a pair of horns on your head.
You reflexively headbutt those who attack you in melee.


Message History

The puff of flame misses Sigmund.
Sigmund casts a spell at you. The puff of flame hits you.
The ball python bites you. The ball python closely misses you.
Sigmund barely misses you.
You closely miss the ball python. The ball python bites you.
The ball python closely misses you. You block the ball python's attack.
The ball python grabs you. The ball python constricts you.
You closely miss the ball python. Sigmund completely misses you.
You block the ball python's attack. The ball python constricts you.
You barely miss the ball python.
The ball python bites you but does no damage.
The ball python constricts you.
Sigmund hits you from afar with a +0 scythe!
The ball python bites you. The ball python constricts you.
You hit the ball python.
You kill the ball python!
Sigmund closely misses you. Sigmund hits you but does no damage.
You hit Sigmund.
Sigmund is moderately wounded.
You closely miss Sigmund.
Sigmund is moderately wounded.
Sigmund hits you with a +0 scythe.
You closely miss Sigmund.
Sigmund is moderately wounded.
Sigmund gestures at you while chanting. The magic dart hits you.
You barely miss Sigmund. You headbutt Sigmund!
Sigmund is severely wounded.
Sigmund barely misses you.
You barely miss Sigmund.
Sigmund is severely wounded.
Sigmund hits you with a +0 scythe!
* * * LOW HITPOINT WARNING * * *
You hit Sigmund.
Sigmund is almost dead.
Sigmund casts a spell at you. The puff of flame hits you!
You die...

...# #.# ##..# .# #.#
♣♣♣ ##...##.# #.#
##♣♣♣.♣♣♣#.....#.##
#.#
#.......♣.........##
#.#
#.♣PPPP♣♣...........
#.#
#..♣♣♣♣♣#.........#
#.# ####.....@@......#
#.###.....#######....#
#..##.##### #####.#
##...#.# .#
##.#.#..#### @#
#...<......... .#
#..#.#..#####. .#
#.#...#.# S# #.##.##.#
.#


You could see Sigmund.

Vanquished Creatures
  4 gnolls
  2 adders (D:2)
  2 dart slugs (D:1)
  An orc (D:2)
  3 ball pythons
  6 bats
  3 endoplasms (D:2)
  A giant cockroach (D:2)
  5 goblins
  4 hobgoblins
  4 jackals (D:2)
  5 kobolds
  A quokka (D:1)
  2 frilled lizards (D:1)
  4 rats
47 creatures vanquished.

Notes
Turn   | Place    | Note
-------+----------+-------------------------------------------
     0 | D:1      | Peloso the Minotaur Fighter began the quest for the Orb.
     0 | D:1      | Reached XP level 1. HP: 19/19 MP: 0/0
   160 | D:1      | Reached XP level 2. HP: 27/27 MP: 1/1
   866 | D:2      | Reached XP level 3. HP: 25/33 MP: 2/2
  1285 | D:2      | Reached XP level 4. HP: 6/40 MP: 3/3
  1287 | D:2      | HP: 2/40 [gnoll/+0 halberd (5)]
  2203 | D:3      | Noticed Sigmund
  2228 | D:3      | Killed from afar by Sigmund

Illustrated notes

Levels and vault maps discovered:
D:1:      dpeg_arrival_boxorama, layout_basic
D:2:      layout_loops_corners, kennysheep_pointless_box, bh_walls_and_bars
D:3:      layout_loops_ring, mainiacjoe_overflow_boulevard,
          grunt_temple_overflow_lords_of_destruction, serial_forest,
          infiniplex_forest_clump_small, infiniplex_forest_clump_long,
          infiniplex_forest_lined_1, infiniplex_forest_clump_small,
          infiniplex_forest_lined_3, infiniplex_forest_clump_cross,
          infiniplex_forest_end_1, uniq_jessica, uniq_sigmund, uniq_robin

Skill      XL: |  1  2  3 |
---------------+----------+-----
Armour         | 4 |  4.5
Shields        | 4 |  4.5
Long Blades    | 3 |  3.7
Fighting       | 4 |  4.2
Dodging        | |  0.2

Action                     |  1- 3 |  4- 6 || total
---------------------------+-------+-------++-------
  Melee: Long sword        |    73 |    34 ||   107
         Headbutt          |    10 |     5 ||    15
  Evoke: Wand              |       |     2 ||     2
    Use: Scroll            |     2 |     3 ||     5
         Potion            |     1 |       ||     1
 Armour: Scale mail        |    44 |    10 ||    54
  Dodge: Dodged            |    49 |    16 ||    65
  Block: Buckler           |    25 |     5 ||    30
